AoeStats
← fahre

Black Forest

510559997Analyzed
3v3 RM · 15h ago on Oct 1, 2026· 31m 44s· 6 players
Game mode
Random Map
Map size
Normal (6 player)
Population
200
Speed
Normal
Resources
Standard
Victory
Conquest
Starting age
Dark Age
Ending age
Imperial Age
RankedLock teamsTeams togetherTeam positionsShared explorationLock speedFull tech treeHidden civsTurbo modeCheats
Victory
Defeat
🇭🇰 Goths · Hong Kong SAR China
819
+17
🇹🇷 Malians · Türkiye
816
+17
🇦🇺 Celts · Australia
809
+17
🇨🇳 Portuguese · China
925
-21
🇨🇳 Saxons · China
834
-17
🇨🇳 Turks · China
747
-13
215825245
0:37 Loom
13:00 Feudal Age
18:34 Castle Age
19:46 Double-Bit Axe
19:50 Horse Collar
22:25 Fletching
22:52 Bow Saw
22:46 Heavy Plow
28:43 Bodkin Arrow
31:44 Imperial Age
29:22 Gold Mining
30:44 Stone Mining
Shonhor
12:17 Feudal Age
17:15 Castle Age
17:07 Double-Bit Axe
17:15 Horse Collar
22:07 Wheelbarrow
21:27 Gold Mining
24:54 Bow Saw
25:43 Town Watch
28:19 Fletching
28:40 Forging
28:31 Scale Mail Armor
28:32 Padded Archer Armor
29:02 Ballistics
30:17 Bodkin Arrow
30:18 Pikeman
33:43 Imperial Age
fahre
0:34 Loom
12:06 Feudal Age
12:38 Double-Bit Axe
12:36 Horse Collar
12:55 Gold Mining
12:56 Stone Mining
17:10 Forging
21:47 Castle Age
22:16 Bloodlines
23:31 Bow Saw
23:42 Husbandry
28:20 Imperial Age
26:20 Pikeman
27:00 Squires
AisakaTaiga
13:13 Feudal Age
17:26 Castle Age
16:27 Double-Bit Axe
16:35 Gold Mining
25:01 Imperial Age
22:21 Loom
23:31 Stone Mining
24:55 Stone Shaft Mining
25:22 Town Watch
27:46 Guilds
31:54 Chemistry
31:18 Ballistics
30:40 Treadmill Crane
31:07 Siege Engineers
31:13 Masonry
32:34 Conscription
吕
1:21 Loom
13:00 Feudal Age
19:22 Castle Age
19:01 Double-Bit Axe
25:14 Imperial Age
22:51 Double-Bit Axe
22:49 Horse Collar
24:09 Bow Saw
26:14 Padded Archer Armor
26:33 Gold Mining
28:10 Wheelbarrow
29:10 Heavy Plow
Market Blockers
0:36 Loom
11:25 Feudal Age
12:34 Double-Bit Axe
12:57 Horse Collar
15:30 Castle Age
15:31 Wheelbarrow
16:29 Bow Saw
16:29 Heavy Plow
25:59 Ballistics
26:12 Fletching
29:24 Imperial Age
27:27 Forging
27:17 Scale Mail Armor
27:17 Gold Mining
28:38 Iron Casting
27:51 Gambesons
28:06 Squires
27:52 Arson
29:04 Hand Cart
28:34 Town Watch
29:14 Chain Mail Armor
29:29 Capped Ram
30:29 Masonry
30:16 Elite Varangian Guard
32:10 Plate Mail Armor
Connection lost

Rejoining the realm…

Still unreachable

The connection could not be restored.

Session expired

The server has moved on; the page needs a fresh start.